Map: Arctic Dream LE

Players

Massa - Winner!

  • Race: Terran Terran
  • League: Platinum
  • Spawn Location: 12:00

qqq - Winner!

  • Race: Zerg Zerg
  • Spawn Location: 11:00

MrakoBess

  • Race: Zerg Zerg
  • League: Diamond
  • Spawn Location: 6:00

azdabka

  • Race: Zerg Zerg
  • Spawn Location: 5:00

VOD

Have the link to the VOD?

Description

Time

  • Played on: March 5, 2021, 5 p.m.
  • Length: 23:59
Show
View Real Time Build Order
Export as new Build Order

Massa Terran - Winner!

Build Orders: Hellion Banshee 

Get SALT Encoding   

  12  0:00  SCV  
  13  0:12  SCV  
  14  0:18  Supply Depot  
  14  0:24  SCV  
  15  0:39  SCV  
  15  0:40  Barracks  
  16  0:50  Refinery  
  16  0:51  SCV  
  17  1:03  SCV  
  18  1:16  SCV  
  19  1:28  SCV  
  20  1:42  Orbital Command  
  20  1:44  Command Center  
  20  1:54  Supply Depot  
  20  2:02  Factory  
  20  2:08  SCV  
  20  2:12  Barracks Reactor  
  21  2:20  SCV  
  22  2:33  SCV  
  23  2:48  Marine x2  
  25  2:54  Hellion  
  26  3:00  Refinery  
  26  3:02  Orbital Command, Engineering Bay  
  26  3:03  SCV  
  27  3:05  Marine  
  27  3:06  Marine  
  27  3:11  Starport  
  29  3:16  SCV, Hellion  
  32  3:23  Marine x2  
  34  3:28  SCV, Supply Depot  
  35  3:34  Missile Turret  
  35  3:40  SCV  
  35  3:41  SCV  
  37  3:49  Starport Tech Lab  
  37  3:50  Barracks Tech Lab  
  37  3:53  Hellion  
  37  3:54  Hellion  
  41  3:58  SCV x2  
  43  4:07  Cloaking Field  
  43  4:09  Banshee  
  43  4:12  Supply Depot  
  43  4:13  SCV x2  
  48  4:18  Hellion  
  48  4:23  Hellion  
  52  4:25  SCV x2  
  51  4:58  Hellion x2  
  51  4:59  Banshee  
  43  5:37  Hellion  
  43  5:38  SCV, Hellion  
  43  5:39  SCV  
  43  5:42  Banshee  
  52  5:47  Marine, Stimpack  
  53  5:51  SCV x2  
  55  5:59  Hellion x2  
  55  6:03  SCV x2  
  61  6:05  Marine  
  53  6:43  Marauder  
  53  6:45  Widow Mine  
  53  6:46  Widow Mine  
  59  7:05  Marauder  
  55  7:19  Supply Depot  
  55  7:20  Supply Depot x2  
  55  7:21  Supply Depot  
  54  7:24  Supply Depot x2  
  54  7:26  Supply Depot  
  52  7:34  Orbital Command  
  45  7:49  Supply Depot  
  44  7:52  Supply Depot  
  44  7:55  Command Center  
  44  8:01  Command Center  
  44  8:02  Command Center  
  44  8:15  Command Center  
  44  8:16  Terran Infantry Weapons Level 1  
  44  8:26  Barracks  
  44  8:28  Barracks x2  
  44  8:31  Barracks  
  44  8:32  Supply Depot x2  
  44  8:34  Supply Depot  
  39  8:49  Supply Depot  
  39  8:51  Supply Depot  
  39  8:59  Barracks  
  39  9:02  Barracks  
  39  9:13  Planetary Fortress  
  39  9:16  Planetary Fortress  
  39  9:18  Planetary Fortress  
  39  9:26  Refinery  
  39  9:27  Refinery  
  39  9:30  Orbital Command  
  39  9:32  SCV  
  40  9:44  SCV  
  41  9:46  Combat Shield  
  41  9:51  Barracks Reactor x2, Barracks Tech Lab  
  41  9:56  SCV  
  41  9:57  SCV x3  
  41  9:58  SCV  
  46  10:08  SCV  
  46  10:09  Concussive Shells  
  46  10:10  Terran Infantry Armor Level 1  
  46  10:11  Marine  
  46  10:12  Marine x2  
  50  10:15  SCV x4  
  50  10:20  SCV  
  55  10:27  SCV x4  
  59  10:28  Factory  
  59  10:29  Marine x2  
  59  10:30  Marine  
  59  10:32  SCV  
  63  10:37  Factory  
  63  10:39  SCV  
  64  10:43  SCV x2  
  64  10:44  SCV x2  
  64  10:47  Marine x3  
  64  10:49  Refinery  
  71  10:50  Refinery  
  71  10:51  SCV  
  71  10:52  Marine x3  
  71  10:53  Marine x3  
  71  10:55  SCV  
  71  10:56  SCV x3  
  82  11:05  Marine x3  
  82  11:07  Engineering Bay  
  82  11:10  Marine  
  86  11:14  Supply Depot  
  86  11:15  Supply Depot  
  86  11:16  SCV x3  
  86  11:17  Supply Depot  
  90  11:18  SCV x2  
  91  11:28  SCV x3  
  91  11:30  SCV x2  
  91  11:32  Factory Tech Lab  
  96  11:33  Factory Tech Lab  
  96  11:39  Armory  
  96  11:40  SCV x2, Supply Depot  
  96  11:41  SCV  
  96  11:47  SCV x2  
  101  11:51  Marauder x2, Marine x7  
  101  11:52  SCV  
  101  11:53  SCV  
  114  12:01  Siege Tank x2  
  108  12:08  Marine  
  108  12:09  Marine x6  
  108  12:12  Marine x2  
  113  12:26  Marine x2  
  109  12:31  Marauder x2, Marine  
  109  12:32  Marine x4  
  109  12:33  Siege Tank x2  
  106  12:44  Marine x2  
  106  12:49  Marine  
  106  12:50  Marine x4  
  111  12:52  SCV, Marine  
  111  12:53  SCV x4, Marauder  
  119  13:02  Marine x2  
  119  13:04  SCV  
  119  13:05  SCV x4, Siege Tank x2  
  131  13:07  Marine  
  131  13:08  Marine x2  
  131  13:11  Marine  
  131  13:12  Marine x2  
  133  13:14  Marine  
  133  13:17  SCV x2  
  130  13:20  Marine x2  
  130  13:25  Marine  
  129  13:37  Siege Tank x2  
  134  13:44  Marine x3  
  134  13:45  Marine x6  
  134  13:48  Terran Infantry Armor Level 2, Terran Infantry Weapons Level 2  
  143  14:02  Marine x8  
  140  14:08  Marine  
  140  14:09  Siege Tank x2  
  146  14:20  Marine x8  
  154  14:26  Marine  
  154  14:27  Starport  
  154  14:29  SCV x5  
  160  14:41  SCV  
  113  15:25  Siege Tank x2  
  113  15:26  Marine x7  
  113  15:27  Marine x2  
  114  15:29  SCV x2  
  114  15:30  SCV  
  114  15:31  Refinery  
  114  15:32  Refinery  
  117  15:44  Marine x9  
  117  15:45  Refinery  
  117  15:46  Refinery  
  117  15:49  Command Center  
  126  15:57  Siege Tank x2  
  126  15:58  Starport Reactor  
  126  16:01  Marine  
  133  16:07  Terran Infantry Armor Level 3  
  133  16:10  Smart Servos  
  133  16:12  Starport  
  133  16:24  Marine x2  
  133  16:25  Marine x7  
  122  16:29  Siege Tank  
  122  16:30  Siege Tank  
  118  16:42  Marine x2  
  118  16:43  Marine x4  
  126  16:48  Medivac x2  
  128  17:00  Marine x2  
  128  17:01  Marine, Siege Tank  
  120  17:11  Barracks  
  120  17:13  Barracks x2  
  120  17:14  Barracks x2  
  113  17:16  Barracks  
  113  17:17  Barracks x2, Planetary Fortress  
  113  17:22  Factory  
  107  17:23  Factory  
  107  17:24  Factory  
  107  17:26  Terran Vehicle And Ship Armor Level 1  
  100  17:30  Orbital Command  
  91  17:46  Barracks  
  91  17:47  Barracks  
  91  17:48  Barracks  
  91  17:53  Barracks x2  
  91  18:09  Marine  
  91  18:10  Marine x7  
  99  18:17  Supply Depot  
  99  18:18  Supply Depot x2  
  99  18:20  Supply Depot  
  99  18:21  Orbital Command  
  99  18:27  Marine  
  99  18:28  Marine x7  
  107  18:44  Supply Depot  
  107  18:45  Marine x3, Supply Depot x2  
  107  18:46  Marine x2  
  109  18:49  Supply Depot  
  109  18:56  Marine  
  109  18:57  Marine x2  
  109  19:00  Barracks Reactor x2  
  109  19:02  Barracks Tech Lab x2  
  109  19:03  Marine x5  
  109  19:09  SCV x2  
  117  19:10  SCV x3  
  117  19:11  Factory Tech Lab x3  
  117  19:14  Marine x2  
  121  19:21  SCV  
  121  19:22  SCV x2  
  124  19:36  Refinery  
  122  19:51  Marine x2  
  122  19:52  Marine x12  
  142  20:00  Terran Infantry Weapons Level 3  
  142  20:01  Terran Vehicle And Ship Armor Level 2  
  142  20:09  Marine x8  
  142  20:10  Marine x6  
  144  20:23  Medivac  
  144  20:27  Marine x14  
  129  20:44  Marine  
  129  20:45  Marine x12  
  116  20:53  Medivac  
  110  21:00  Marine  
  110  21:02  Marine  
  110  21:03  Marine x12  
  124  21:07  Factory  
  124  21:17  Marine  
  124  21:20  Marine  
  124  21:21  Marine x7  
  124  21:23  Medivac  
  131  21:40  Marine x5  
  131  21:41  Marine x9  
  145  21:53  Medivac  
  147  21:58  Marine x2  
  132  22:02  Thor  
  132  22:03  Marine  
  132  22:04  Marine x11  
  147  22:15  Marine  
  147  22:16  Marine  
  147  22:21  Marine  
  147  22:22  Marine x11  
  148  22:33  Marine  
  148  22:34  Marine  
  148  22:37  Drilling Claws  
  148  22:39  Marine x2  
  148  22:40  Marine x5  
  155  22:45  Thor  
  161  22:55  Marine  
  161  22:56  Marine x6  
  161  22:57  Marine x6  
  143  23:14  Marine x8  
  143  23:15  Marine x5  
  141  23:27  Marine, Command Center  
  141  23:30  Starport Reactor  
  142  23:35  Command Center  
Show
View Real Time Build Order
Export as new Build Order

qqq Zerg - Winner!

Build Orders: Hatch First 

Get SALT Encoding   

  12  0:02  Drone  
  13  0:08  Drone  
  14  0:21  Overlord  
  14  0:44  Hatchery  
  14  0:48  Drone  
  14  0:51  Drone  
  15  1:00  Drone x2  
  17  1:18  Spawning Pool  
  17  1:20  Extractor  
  17  1:21  Drone  
  16  1:26  Drone  
  16  1:32  Drone  
  18  1:42  Drone  
  19  1:53  Drone  
  20  2:00  Drone  
  21  2:05  Queen x2  
  25  2:11  Overlord  
  25  2:13  Drone  
  26  2:22  Metabolic Boost  
  26  2:24  Drone  
  26  2:29  Overlord  
  27  2:32  Drone  
  27  2:34  Drone  
  29  2:40  Drone x2  
  31  2:47  Evolution Chamber  
  30  2:56  Drone  
  30  2:57  Zergling x2  
  31  3:06  Zergling x2  
  31  3:08  Zergling x2  
  31  3:09  Lair  
  31  3:10  Zergling x2  
  34  3:13  Drone  
  34  3:19  Zergling x2  
  36  3:27  Zergling x2  
  36  3:28  Drone  
  36  3:32  Overlord  
  36  3:33  Hatchery  
  37  3:35  Zergling x2  
  37  3:37  Zergling x2  
  37  3:39  Zergling x2  
  37  3:41  Zergling x2  
  41  3:48  Zergling x2  
  42  3:51  Drone  
  42  3:52  Zergling x6  
  42  3:54  Zergling x2  
  47  3:57  Zergling x2  
  48  4:07  Drone, Zergling x2  
  50  4:14  Spire  
  50  4:15  Drone, Zergling x2  
  50  4:16  Zergling x2  
  52  4:22  Overlord  
  52  4:24  Extractor, Zergling x2  
  51  4:36  Zergling x6  
  51  4:37  Overlord  
  51  4:45  Zergling x4  
  51  4:46  Zergling x2, Overlord  
  52  4:59  Drone x2, Zergling x4  
  56  5:04  Queen  
  56  5:07  Drone  
  56  5:08  Zergling x2  
  57  5:15  Zergling x2  
  54  5:29  Mutalisk x2  
  49  5:40  Drone x3, Overlord x3  
  49  5:41  Drone x5  
  54  5:50  Drone x3  
  54  5:53  Extractor  
  54  5:54  Extractor, Mutalisk  
  57  5:57  Drone  
  57  6:02  Drone  
  59  6:07  Overlord  
  59  6:08  Drone x3  
  59  6:09  Drone x2  
  64  6:15  Mutalisk  
  66  6:25  Mutalisk  
  68  6:26  Drone, Overlord  
  68  6:27  Drone  
  70  6:36  Mutalisk  
  67  6:50  Mutalisk  
  67  6:53  Spine Crawler x2  
  65  6:54  Spine Crawler x2  
  65  6:55  Mutalisk  
  65  6:56  Zergling x8  
  65  6:57  Zergling x10  
  70  7:14  Mutalisk x2  
  69  7:16  Drone x2  
  69  7:17  Drone  
  69  7:22  Mutalisk  
  72  7:23  Drone  
  71  7:31  Mutalisk  
  71  7:32  Zergling x2  
  69  7:42  Zerg Flyer Weapons Level 1  
  69  7:55  Mutalisk  
  69  7:57  Zergling x6  
  74  8:03  Mutalisk  
  76  8:08  Drone x4  
  79  8:29  Hatchery  
  78  8:39  Mutalisk  
  78  8:40  Mutalisk x3  
  86  8:41  Zergling x6  
  86  8:42  Drone x5  
  90  9:06  Drone  
  90  9:07  Drone x2  
  93  9:14  Hatchery  
  92  9:23  Hatchery  
  89  9:29  Mutalisk x2  
  89  9:30  Mutalisk x2  
  89  9:31  Mutalisk  
  95  9:32  Zergling x6  
  95  9:57  Infestation Pit  
  95  9:58  Drone x2  
  95  9:59  Drone x3  
  99  10:02  Extractor  
  99  10:04  Extractor  
  99  10:06  Zerg Flyer Weapons Level 2  
  97  10:09  Mutalisk  
  97  10:10  Mutalisk  
  101  10:14  Baneling Nest  
  101  10:18  Drone x2  
  101  10:19  Drone x2  
  104  10:21  Queen  
  104  10:27  Mutalisk x2  
  106  10:47  Mutalisk x2  
  110  11:16  Hive  
  110  11:18  Drone x6  
  114  11:19  Drone x3, Overlord x3  
  114  11:20  Drone x6  
  125  11:36  Spine Crawler x3  
  108  12:04  Drone x3  
  108  12:05  Drone, Corruptor  
  108  12:06  Corruptor x4  
  108  12:07  Mutalisk  
  108  12:08  Mutalisk, Corruptor x2  
  115  12:09  Zergling x6  
  115  12:10  Zergling x4  
  86  12:37  Drone x3, Corruptor  
  86  12:38  Drone, Corruptor  
  86  12:39  Drone x5  
  86  12:40  Zergling x14  
  90  12:49  Spire  
  90  12:50  Drone x2  
  91  12:53  Zergling x4  
  84  13:04  Spine Crawler  
  84  13:05  Spine Crawler  
  72  13:07  Spine Crawler  
  69  13:16  Zergling x12  
  69  13:17  Zergling x4  
  76  13:26  Lair  
  76  13:32  Drone x2  
  76  13:33  Drone x3  
  67  14:10  Drone x3  
  67  14:11  Drone x3  
  67  14:12  Hatchery  
  67  14:14  Hatchery  
  71  14:20  Queen  
  73  14:34  Hive  
  73  14:37  Mutalisk x2  
  74  15:09  Drone x3  
  74  15:10  Drone x3  
  74  15:12  Extractor  
  74  15:13  Extractor  
  78  15:25  Corruptor x2  
  82  15:45  Drone x4  
  86  16:03  Queen  
  88  16:04  Drone x4  
  88  16:05  Drone x5  
  88  16:08  Hatchery  
  88  16:09  Greater Spire  
  88  16:10  Hatchery  
  95  16:22  Spine Crawler  
  95  16:23  Spine Crawler x2  
  88  16:36  Spine Crawler  
  88  16:37  Spine Crawler  
  88  16:38  Spine Crawler  
  85  16:42  Spine Crawler  
  85  16:43  Spine Crawler x2  
  85  16:44  Corruptor  
  84  16:47  Spine Crawler, Corruptor  
  84  16:51  Drone x2  
  87  17:14  Extractor  
  86  17:28  Brood Lord x3  
  86  17:29  Brood Lord x5  
  102  17:33  Brood Lord  
  104  17:37  Brood Lord  
  104  17:43  Brood Lord  
  108  17:46  Brood Lord  
  108  17:51  Zergling x6  
  112  17:53  Zergling x2  
  111  18:04  Zerg Flyer Armor Level 1  
  109  18:19  Spine Crawler  
  107  18:20  Spine Crawler  
  107  18:21  Spine Crawler  
  107  18:22  Spine Crawler  
  107  18:23  Spine Crawler  
  107  18:24  Spine Crawler  
  100  18:35  Spine Crawler  
  100  18:36  Spine Crawler  
  80  19:06  Corruptor  
  80  19:07  Corruptor x2  
  62  19:40  Drone  
  62  19:41  Drone x2  
  64  20:37  Hatchery  
  63  20:47  Hatchery  
  62  20:51  Hatchery  
  61  21:20  Hatchery  
  50  21:52  Corruptor x3  
  28  22:20  Drone x2  
  23  22:30  Drone  
  23  22:45  Drone x2  
  25  23:20  Drone x5  
  25  23:21  Drone  
  25  23:25  Drone x2  
  25  23:26  Spawning Pool  
Show
View Real Time Build Order
Export as new Build Order

MrakoBess Zerg 

Build Orders: Hatch First 

Get SALT Encoding   

  12  0:00  Drone  
  13  0:13  Overlord  
  13  0:17  Drone  
  14  0:32  Drone  
  14  0:33  Drone  
  16  0:37  Drone  
  17  0:57  Drone  
  17  0:58  Extractor, Hatchery  
  17  1:01  Drone  
  17  1:15  Spawning Pool  
  16  1:19  Drone  
  17  1:27  Drone  
  17  1:32  Drone  
  19  1:45  Overlord  
  19  1:57  Drone  
  20  2:03  Queen  
  20  2:07  Drone  
  23  2:11  Queen  
  23  2:12  Overlord  
  25  2:16  Drone  
  25  2:18  Extractor  
  25  2:22  Drone x2  
  27  2:33  Drone  
  27  2:34  Drone  
  29  2:47  Drone x2  
  31  3:02  Drone x2  
  31  3:05  Drone  
  34  3:09  Evolution Chamber  
  34  3:10  Evolution Chamber  
  32  3:15  Drone x5  
  32  3:16  Roach Warren  
  36  3:22  Drone x3  
  36  3:26  Overlord  
  39  3:31  Drone x2  
  41  3:36  Extractor  
  40  3:42  Drone x2  
  40  3:48  Zerg Missile Weapons Level 1, Zerg Ground Armor Level 1  
  42  3:51  Drone x2  
  42  3:53  Drone  
  45  4:00  Lair  
  45  4:05  Roach x3  
  45  4:09  Overlord  
  51  4:12  Overlord  
  51  4:27  Roach  
  51  4:28  Roach x3  
  59  4:36  Roach x4  
  65  4:55  Roach  
  65  4:58  Roach x2  
  67  5:00  Overlord x2  
  67  5:16  Overlord x2  
  67  5:18  Roach  
  69  5:30  Roach x4  
  69  5:31  Roach  
  79  5:36  Glial Reconstitution  
  79  5:38  Roach  
  79  5:49  Spore Crawler  
  78  5:53  Roach x4  
  78  5:54  Zerg Missile Weapons Level 2  
  78  5:55  Zerg Ground Armor Level 2  
  86  6:01  Spore Crawler  
  86  6:03  Overseer x2  
  85  6:05  Roach x2  
  89  6:13  Drone x2  
  95  6:18  Roach x3  
  95  6:19  Roach  
  96  6:41  Roach x2  
  97  6:52  Drone  
  97  6:53  Drone x2  
  98  6:57  Drone x2  
  98  7:00  Hydralisk Den  
  98  7:31  Roach  
  88  8:05  Overlord x2  
  88  8:06  Overlord x2  
  80  8:14  Hydralisk x3  
  80  8:18  Extractor  
  80  8:19  Overlord x2  
  83  8:20  Overlord  
  75  8:30  Extractor  
  75  8:32  Spore Crawler  
  71  8:35  Spore Crawler  
  66  8:48  Hydralisk x5  
  58  8:58  Hydralisk x3  
  58  8:59  Hydralisk x4  
  58  9:00  Spore Crawler  
  67  9:03  Grooved Spines  
  67  9:12  Hydralisk  
  67  9:13  Spore Crawler  
  67  9:14  Spore Crawler  
  67  9:16  Spore Crawler  
  67  9:17  Hydralisk  
  68  9:29  Drone x3  
  71  9:32  Drone x2  
  73  9:42  Hydralisk x2  
  73  9:43  Roach x3  
  83  9:49  Hatchery  
  82  10:01  Overseer  
  82  10:02  Overseer  
  82  10:14  Muscular Augments  
  82  10:15  Drone x4  
  82  10:16  Drone x3  
  82  10:19  Roach  
  91  10:31  Hydralisk  
  91  10:32  Hydralisk x2, Roach x3  
  103  10:59  Spore Crawler  
  103  11:00  Spore Crawler  
  101  11:05  Overlord x3  
  101  11:25  Spore Crawler x2  
  101  11:26  Drone x5, Spore Crawler  
  101  11:27  Hydralisk x2  
  101  11:28  Hydralisk x3, Roach x4  
  101  11:29  Roach x2  
  125  11:42  Extractor, Hydralisk  
  125  11:43  Queen, Roach x2  
  132  11:55  Spore Crawler  
  132  11:56  Spore Crawler  
  132  11:57  Spore Crawler  
  132  11:58  Spore Crawler  
  126  12:04  Hydralisk x4, Roach  
  126  12:05  Roach x3  
  130  12:25  Hydralisk x3, Ravager  
  130  12:26  Roach x4  
  122  12:33  Hydralisk, Roach  
  102  12:48  Hydralisk  
  102  12:49  Roach x3  
  108  13:03  Hydralisk, Roach  
  108  13:04  Roach  
  108  13:05  Roach  
  106  13:12  Roach  
  102  13:13  Roach  
  84  13:28  Hydralisk, Roach x2  
  70  13:38  Hydralisk  
  70  13:39  Roach x2  
  74  13:50  Drone x4  
  78  13:58  Hydralisk  
  78  13:59  Roach  
  76  14:08  Roach  
  76  14:09  Roach  
  66  14:20  Hydralisk  
  66  14:21  Roach x3  
  74  14:34  Drone x3  
  74  14:36  Drone x3  
  74  14:37  Roach  
  74  14:38  Roach  
  68  14:47  Hydralisk x2  
  68  14:48  Hydralisk, Roach x3  
  70  15:01  Hydralisk, Roach  
  70  15:02  Roach  
  65  15:11  Hydralisk, Roach  
  65  15:12  Roach  
  63  15:17  Hydralisk  
  63  15:18  Hydralisk, Roach x2  
  69  15:22  Roach  
  71  15:34  Extractor  
  70  15:38  Extractor  
  70  15:39  Hydralisk  
  70  15:40  Hydralisk x3, Roach x3  
  70  15:41  Roach  
  85  15:49  Hydralisk  
  85  15:50  Roach  
  89  15:58  Hydralisk  
  89  15:59  Hatchery, Roach x2  
  94  16:12  Hydralisk  
  94  16:13  Roach x2  
  94  16:15  Roach  
  92  16:30  Extractor, Hydralisk x2, Roach x2  
  97  16:34  Extractor  
  96  16:51  Hydralisk x2  
  96  16:52  Roach x4  
  108  16:58  Hydralisk, Roach  
  108  17:03  Roach x2  
  110  17:11  Hydralisk, Roach  
  114  17:16  Drone x2  
  116  17:31  Hydralisk x2, Roach x2  
  124  17:45  Hydralisk  
  124  17:46  Roach x3  
  124  17:50  Drone  
  131  17:55  Roach x2  
  127  18:03  Hydralisk  
  127  18:04  Hydralisk  
  127  18:13  Hydralisk  
  127  18:14  Roach x2  
  133  18:24  Roach  
  135  18:41  Roach  
  136  18:46  Hydralisk  
  136  18:49  Overlord x4  
  134  18:58  Roach  
  134  19:12  Hydralisk, Ravager  
  134  19:13  Hydralisk x4  
  141  19:17  Roach  
  121  19:33  Hydralisk  
  121  19:34  Hydralisk x2  
  101  19:49  Hydralisk, Roach  
  101  19:50  Roach  
  82  20:01  Roach  
  84  20:19  Hatchery  
  81  20:35  Hydralisk  
  81  20:36  Roach x2  
  71  20:44  Roach  
  45  21:00  Roach  
  45  21:01  Roach  
  47  21:12  Roach  
  45  21:21  Roach  
  28  21:57  Zergling x14  
  28  21:58  Zergling x4  
  37  22:28  Hatchery  
  36  22:34  Roach x3  
  36  22:35  Roach  
  42  22:46  Drone x3  
  45  22:58  Drone x2  
  47  22:59  Drone  
  48  23:10  Roach  
  37  23:19  Roach  
  33  23:28  Drone x2  
  35  23:39  Roach  
Show
View Real Time Build Order
Export as new Build Order

azdabka Zerg 

Build Orders: Hatch First, Swarm Host 

Get SALT Encoding   

  12  0:08  Drone  
  13  0:14  Overlord  
  13  0:23  Drone  
  14  0:34  Drone x2  
  16  0:44  Drone  
  17  0:53  Drone  
  18  1:02  Hatchery  
  18  1:03  Drone  
  18  1:07  Extractor  
  17  1:19  Spawning Pool  
  17  1:20  Drone  
  17  1:24  Drone  
  18  1:35  Drone  
  19  1:59  Overlord  
  19  2:09  Queen  
  19  2:15  Metabolic Boost  
  21  2:17  Overlord  
  21  2:25  Queen  
  21  2:27  Drone x2  
  21  2:29  Drone x2  
  27  2:31  Zergling x2  
  28  2:39  Zergling x2  
  29  2:46  Drone  
  30  3:00  Drone x3  
  30  3:02  Overlord  
  33  3:09  Queen  
  33  3:10  Drone  
  33  3:11  Queen  
  38  3:14  Zergling x2  
  39  3:27  Drone x4  
  43  3:42  Drone, Spore Crawler  
  43  3:43  Drone  
  43  3:46  Drone x3  
  43  3:47  Hatchery  
  46  3:50  Spore Crawler  
  46  3:51  Drone, Overlord  
  46  4:00  Baneling Nest  
  46  4:01  Drone  
  46  4:04  Zergling x8  
  50  4:11  Lair  
  50  4:16  Zergling x4  
  51  4:20  Overlord  
  51  4:27  Zergling x8  
  51  4:28  Zergling x6  
  52  4:38  Zergling x2  
  38  4:47  Zergling x8  
  36  4:59  Zergling x2  
  33  5:00  Zergling x10  
  30  5:17  Zergling x12  
  29  5:32  Zergling x6  
  28  5:55  Drone x2  
  28  5:56  Queen  
  32  6:17  Queen  
  33  6:25  Zergling x12  
  22  7:17  Drone x5  
  22  7:20  Queen  
  28  7:27  Queen  
  28  7:28  Spore Crawler  
  29  7:37  Queen  
  29  7:39  Drone x5  
  29  7:44  Overseer  
  36  8:10  Spore Crawler  
  35  8:13  Drone  
  35  8:14  Drone x3  
  35  8:15  Queen  
  41  8:23  Drone  
  41  8:24  Drone x3  
  45  8:28  Spore Crawler  
  42  8:44  Queen  
  44  8:48  Queen  
  44  8:51  Queen  
  44  8:52  Drone x4  
  52  8:58  Spore Crawler  
  51  9:04  Spore Crawler  
  51  9:07  Spore Crawler  
  49  9:14  Drone x2  
  51  9:17  Overlord  
  51  9:18  Overlord x2  
  51  9:19  Spore Crawler  
  48  9:24  Queen  
  48  9:28  Queen  
  45  9:42  Overlord  
  45  9:56  Drone x10  
  55  10:00  Queen  
  55  10:01  Drone  
  55  10:03  Drone  
  55  10:04  Drone x2  
  61  10:07  Overlord  
  61  10:16  Queen  
  63  10:23  Drone x2  
  65  10:31  Pneumatized Carapace  
  65  10:33  Extractor  
  65  10:34  Extractor  
  65  10:35  Drone x4  
  66  10:36  Drone x2  
  66  10:38  Overlord x3  
  69  10:55  Queen x2  
  69  10:57  Overlord x3  
  73  11:03  Drone  
  73  11:04  Drone x2  
  76  11:06  Extractor  
  76  11:07  Drone x3  
  76  11:08  Extractor, Drone x3  
  80  11:19  Overlord x3  
  80  11:27  Infestation Pit  
  80  11:28  Drone  
  80  11:40  Drone x2, Spore Crawler x3  
  80  11:41  Drone  
  80  12:09  Evolution Chamber  
  80  12:11  Spore Crawler  
  78  12:16  Swarm Host  
  78  12:17  Swarm Host x9  
  108  12:25  Nydus Network  
  107  12:40  Swarm Host x2  
  107  12:43  Spore Crawler  
  112  12:48  Hatchery  
  111  12:58  Zerg Missile Weapons Level 1  
  111  13:06  Nydus Canal  
  111  13:08  Extractor  
  111  13:12  Swarm Host x3  
  113  13:17  Extractor  
  118  13:36  Swarm Host x4  
  115  14:06  Swarm Host x3  
  115  14:07  Swarm Host x2  
  130  14:19  Nydus Canal  
  130  14:31  Drone x2  
  130  14:32  Drone x3  
  130  14:33  Drone  
  134  15:18  Zergling x10  
  134  15:19  Zergling x6  
  134  15:20  Overlord x5  
  131  15:33  Drone x3  
  131  15:34  Drone x2  
  136  15:35  Overlord  
  136  15:36  Overlord x4  
  136  15:41  Hatchery  
  135  15:44  Hatchery  
  134  15:59  Nydus Canal  
  134  16:06  Zerg Missile Weapons Level 2  
  134  16:10  Extractor  
  133  16:14  Overlord x5  
  130  16:49  Zergling x2  
  130  16:50  Zergling x26  
  144  16:55  Baneling Nest  
  144  16:57  Drone  
  144  16:59  Hive  
  144  17:07  Zergling x22  
  155  17:18  Evolution Chamber  
  155  17:20  Spire  
  155  17:21  Spire  
  153  17:35  Zergling x2  
  153  17:37  Zergling x2  
  155  17:38  Zergling x2  
  155  17:39  Zergling x2  
  155  17:40  Zergling x2  
  157  17:45  Queen  
  138  18:27  Overlord x2  
  138  18:28  Overlord  
  130  18:34  Greater Spire, Zerg Flyer Weapons Level 1  
  130  18:36  Corruptor  
  130  18:37  Corruptor x14  
  130  18:54  Zergling x4  
  130  18:55  Zergling x16  
  113  19:02  Adrenal Glands  
  107  19:12  Drone x2  
  107  19:13  Drone x3  
  107  19:16  Drone  
  113  19:25  Zergling x8  
  113  19:26  Zergling x4  
  113  19:27  Baneling  
  113  19:28  Baneling x6  
  113  19:30  Baneling  
  119  19:33  Zerg Melee Weapons Level 1  
  112  19:50  Centrifical Hooks  
  106  20:05  Zergling x22  
  117  20:16  Hatchery  
  117  20:17  Hatchery  
  117  20:18  Extractor  
  113  20:21  Extractor  
  113  20:22  Drone x4  
  113  20:25  Zergling x2  
  117  20:28  Zerg Flyer Armor Level 1  
  116  20:39  Zergling x14  
  114  20:49  Hatchery  
  108  20:52  Zergling x10  
  108  20:53  Zergling x4  
  110  21:26  Baneling  
  110  21:27  Baneling x9  
  110  21:28  Baneling x15  
  110  21:29  Zergling x2  
  110  21:30  Zergling x14  
  116  21:38  Zergling x6  
  116  21:39  Zergling x18  
  128  21:40  Zergling x2  
  128  21:41  Zergling x20  
  112  22:06  Corruptor  
  112  22:07  Corruptor x2  
  101  22:26  Zergling x12  
  82  22:33  Zergling x4  
  80  22:47  Baneling x3  
  80  22:48  Baneling  
  80  22:57  Baneling x9  
  80  23:12  Zergling x12  
  70  23:21  Zergling x6  
  71  23:32  Baneling x4  
  71  23:34  Baneling x5  
Tags
 
Add a new tag
Caveats
  • Supply blocks, unpowered buildings, or Contaminate may cause inaccurate times.
  • Supply counts are checked every 10 seconds.